 Dungeon Crawl Stone Soup version 0.27.0-1-g7a089689b8 (webtiles) character file.

Game seed: 16361558204941018691

310 theswoord the Twirler (level 6, -5/44 HPs)
             Began as a Demonspawn Gladiator on Aug 8, 2021.
             Slain by a wyvern (10 damage)
             ... on level 4 of the Dungeon.
             The game lasted 00:03:29 (3556 turns).

theswoord the Twirler (Demonspawn Gladiator)        Turns: 3556, Time: 00:03:29

Health: -5/44      AC:  8    Str: 14    XL:     6   Next: 18%
Magic:  6/6        EV: 10    Int:  9    God:
Gold:   155        SH:  0    Dex: 17    Spells: 5/5 levels left

rFire    . . .     SeeInvis .   l - +4 quarterstaff
rCold    . . .     Faith    .   (shield currently unavailable)
rNeg     . . .     Spirit   .   m - +0 scale mail
rPois    .         Reflect  .   c - +1 helmet
rElec    .         Harm     .   (no cloak)
rCorr    .         Rampage  .   (no gloves)
Will     .....                  (no boots)
Stlth    ..........             (no amulet)
HPRegen  0.14/turn              (no ring)
MPRegen  0.10/turn              (no ring)

@: no status effects
A: claws 1, hooves 2, foul stench 1
a: no special abilities


You were on level 4 of the Dungeon.
You visited 1 branch of the dungeon, and saw 4 of its levels.

You collected 155 gold pieces.

Inventory:

Hand Weapons
 a - a +0 quarterstaff
 l - a +4 quarterstaff (weapon)
Missiles
 d - 3 throwing nets (quivered)
Armour
 b - a +0 leather armour
 c - a +1 helmet (worn)
 m - a +0 scale mail (worn)
 n - a +0 cloak
Jewellery
 o - a ring of fire
Potions
 e - 2 potions of brilliance
 f - a potion of degeneration {unknown}
 g - a potion of mutation {unknown}
 h - a potion of heal wounds {unknown}
 i - a potion of lignification {unknown}
 j - a potion of invisibility {unknown}
 k - 2 potions of attraction {unknown}


   Skills:
 - Level 2.0 Fighting
 + Level 6.4 Staves
 - Level 1.7 Throwing
 - Level 2.6 Dodging


You had 5 spell levels left.
You didn't know any spells.
Your spell library was empty.

Dungeon Overview and Level Annotations

Branches:
Dungeon (4/15)
 Temple: D:4-7

Altars:


Innate Abilities, Weirdness & Mutations

You have sharp fingernails.
You have hoof-like feet.
You may rarely emit foul miasma when damaged in melee.


Message History

There is an open door here.
A wyvern comes into view.
The wyvern hisses angrily.
A wyvern is nearby!
Found a helmet.
You completely miss the wyvern. You kick the wyvern.
The wyvern is lightly wounded.
The wyvern barely misses you. The wyvern closely misses you.
You closely miss the wyvern.
The wyvern is lightly wounded.
The wyvern bites you!
You thump the wyvern! Your kick misses the wyvern.
The wyvern is moderately wounded.
The wyvern bites you but does no damage.
You barely miss the wyvern. You kick the wyvern!
The wyvern is heavily wounded.
The wyvern bites you. x2
You barely miss the wyvern. Your kick misses the wyvern.
The wyvern is heavily wounded.
The wyvern completely misses you.
You closely miss the wyvern. You kick the wyvern, but do no damage.
The wyvern is heavily wounded.
The wyvern barely misses you.
The wyvern bites you but does no damage.
You hit the wyvern.
The wyvern is severely wounded.
The wyvern barely misses you.
You hit the wyvern. You kick the wyvern.
The wyvern is severely wounded.
The wyvern bites you!
* * * LOW HITPOINT WARNING * * *
The wyvern closely misses you.
You barely miss the wyvern. You kick the wyvern.
The wyvern is almost dead.
The wyvern bites you!
* * * LOW HITPOINT WARNING * * *
You closely miss the wyvern. You kick the wyvern, but do no damage.
The wyvern is almost dead.
The wyvern bites you!
You die...

#...†.####.###
#.#...####.# ##+##
#.#........# ##.[.##
#.....########.....##
###.##.## ##.(.....##
#.#...####.........#
#........+?........+
#.#...####....l....#
#.##.## #...@...#
#.#### ##/....## #.##
##...## #.#.## ##'##
#.###[## #.# .# ##.#
######.#### #.###.##
#.........### #.#.##
#.#.#.........
##.#######.#.......####


You could see a wyvern.

Vanquished Creatures
  A phantom (D:3)
  A scorpion (D:4)
  An iguana (D:4)
  A hound skeleton (D:3)
  2 adders
  3 gnolls
  A worm (D:3)
  5 dart slugs
  5 orcs (D:3)
  7 ball pythons
  4 endoplasms
  A giant cockroach (D:3)
  5 goblins
  5 hobgoblins
  12 jackals
  A quokka (D:2)
  2 bats
  3 frilled lizards
  7 kobolds
  4 rats
71 creatures vanquished.

Notes
Turn   | Place    | Note
-------+----------+-------------------------------------------
     0 | D:1      | theswoord the Demonspawn Gladiator began the quest for the
                  | Orb.
     0 | D:1      | Reached XP level 1. HP: 16/16 MP: 1/1
   226 | D:1      | Reached skill level 3 in Staves
   328 | D:1      | Gained mutation: You may rarely emit foul miasma when
                  | damaged in melee. [demonic ancestry]
   328 | D:1      | Reached XP level 2. HP: 22/22 MP: 2/2
   702 | D:1      | Found a faded altar of an unknown god.
  1143 | D:1      | Gained mutation: You have large cloven feet. [demonic
                  | ancestry]
  1143 | D:1      | Reached XP level 3. HP: 20/27 MP: 3/3
  1402 | D:2      | Reached skill level 4 in Staves
  1872 | D:2      | Gained mutation: You have hoof-like feet. [demonic
                  | ancestry]
  1872 | D:2      | Reached XP level 4. HP: 33/33 MP: 4/4
  2396 | D:3      | Reached skill level 5 in Staves
  2534 | D:3      | Noticed a phantom
  3139 | D:3      | Gained mutation: You have sharp fingernails. [demonic
                  | ancestry]
  3139 | D:3      | Reached XP level 5. HP: 38/38 MP: 5/5
  3204 | D:3      | Killed a phantom
  3441 | D:4      | Reached skill level 6 in Staves
  3441 | D:4      | Reached XP level 6. HP: 38/44 MP: 6/6
  3544 | D:4      | Noticed a wyvern
  3556 | D:4      | Slain by a wyvern

Skill      XL: |  1  2  3  4  5 |
---------------+----------------+-----
Staves         | 3 4 5 6 |  6.4
Fighting       | |  2.0
Throwing       | |  1.7
Dodging        | |  2.6

Action                   |  1- 3 |  4- 6 || total
-------------------------+-------+-------++-------
Melee: Quarterstaff      |   100 |    90 ||   190
       Kick              |    10 |    26 ||    36
  Use: Scroll            |     1 |     3 ||     4
 Stab: Sleeping          |     1 |     2 ||     3
Armor: Leather armour    |    42 |    11 ||    53
       Scale mail        |       |     5 ||     5
Dodge: Dodged            |    84 |    44 ||   128

Levels and vault maps discovered:
D:1:      dpeg_arrival_another_circle, layout_loops_ring,
          shapermc_ecumenical_altar_totnotflames
D:2:      layout_loops_cross, chequers_serial_rivers_micro_b
D:3:      layout_basic, st_stairs_11
D:4:      layout_loops_corners, minmay_temple_entry_nine_rooms,
          eino_small_chamber_without_monster, uniq_crazy_yiuf_cottage
